 Dungeon Crawl Stone Soup version 0.29-a0-620-g13ace881f2 (webtiles) character file.

Game seed: 18413870950742802517

705 nobbins the Covered (level 7, -1/44 HPs)
             Began as a Gargoyle Fighter on June 18, 2022.
             Was a Believer of Wu Jian.
             Slain by a wight
             ... wielding a +0 battleaxe
              (3 damage)
             ... on level 5 of the Dungeon.
             The game lasted 00:15:03 (5196 turns).

nobbins the Covered (Gargoyle Fighter)              Turns: 5196, Time: 00:15:04

Health: -1/44      AC: 16    Str: 21    XL:     7   Next: 67%
Magic:  7/7        EV:  8    Int: 15    God:    Wu Jian [**....]
Gold:   220        SH:  5    Dex: 15    Spells: 5/6 levels left

rFire   . . .      SeeInvis .   l - +1 morningstar
rCold   . . .      Faith    .   c - +0 buckler
rNeg    + . .      Spirit   .   m - +2 chain mail
rPois   ∞          Reflect  .   (no helmet)
rElec   +          Harm     .   (no cloak)
rCorr   .          Rampage  .   (no gloves)
Will    .....                   (no boots)
Stlth   ..........              (no amulet)
HPRegen 0.14/turn               i - +6 ring of intelligence
MPRegen 0.10/turn               o - +6 ring of dexterity

@: no status effects
A: sickness immunity, AC +4, negative energy resistance 1, electricity
resistance, torment resistance 1, petrification resistance
a: Renounce Religion, Wall Jump


You were on level 5 of the Dungeon.
You worshipped Wu Jian.
Wu Jian was pleased with you.
You visited 1 branch of the dungeon, and saw 6 of its levels.

You collected 220 gold pieces.

Inventory:

Hand Weapons
 a - a +0 flail
 d - a +2 lajatang of electrocution
 l - a +1 morningstar (weapon)
Armour
 b - a +0 scale mail
 c - a +0 buckler (worn)
 h - an orb of guile
 m - a +2 chain mail (worn)
 p - the +2 robe of the Arcadian God {rPois}
   (You found it on level 4 of the Dungeon)

   rPois:     It protects you from poison.
Jewellery
 e - a ring of magical power
 i - a +6 ring of intelligence (left hand)
 o - a +6 ring of dexterity (right hand)
Wands
 r - a wand of mindburst (14)
Scrolls
 g - 3 scrolls of teleportation
Potions
 f - 2 potions of mutation {unknown}
 j - a potion of might
 k - 3 potions of curing {unknown}
 n - a potion of lignification {unknown}
 q - a potion of degeneration {unknown}


   Skills:
 + Level 4.4 Fighting
 + Level 5.5 Maces & Flails
 + Level 5.8 Armour
 + Level 1.5 Dodging
 + Level 0.2 Stealth
 + Level 4.3 Shields


You had 5 spell levels left.
You knew the following spells:

 Your Spells              Type           Power      Damage    Failure   Level
a - Necrotize             Necr           0%         1d4       96%         1

Your spell library contained the following spells:

 Spells                   Type           Power      Damage    Failure   Level
 Foxfire                  Conj/Fire      0%         2x1d4     96%         1
 Static Discharge         Conj/Air       0%         N/A       99%         2
 Conjure Flame            Conj/Fire      0%         6-21      100%        3
 Inner Flame              Hex/Fire       0%         N/A       100%        3
 Mephitic Cloud           Conj/Pois/Air  0%         N/A       100%        3
 Vampiric Draining        Necr           0%         2d6       100%        3
 Flame Wave               Conj/Fire      0%         2d4       100%        4
 Leda's Liquefaction      Hex/Erth       0%         N/A       100%        4
 Agony                    Necr           0%         N/A       100%        5
 Lee's Rapid Deconstruct  Erth           0%         3d5*      100%        5
 Lightning Bolt           Conj/Air       0%         1d11      100%        5
 Yara's Violent Unravell  Hex/Tmut       0%         3d3       100%        5
 Eringya's Noxious Bog    Tmut/Pois      0%         N/A       100%        6
 Maxwell's Capacitive Co  Air            0%         ∞         100%        8
 Statue Form              Tmut/Erth      Unusable   N/A       N/A         6

Dungeon Overview and Level Annotations

Branches:
Dungeon (6/15)
 Temple: D:4-7

Altars:
Trog
Wu Jian

Shops:
D:5 [


Innate Abilities, Weirdness & Mutations

You are immune to sickness and miasma.
Your stone body is resilient. (AC +4)
You are immune to poison.
You resist negative energy. (rN+)
You are resistant to electric shocks. (rElec)
You are resistant to unholy torment.
You are immune to petrification.


Message History

You are too injured to fight recklessly!
You are too injured to fight recklessly!
You spin to attack the wight, but your attack speed is too slow for a blow to land.
The wight hits you with a +0 battleaxe. The wight attacks as you move away!
The wight hits you with a +0 battleaxe. The wight attacks as you move away!
The wight hits you but does no damage. The wight attacks as you move away!
The wight barely misses you. The wight attacks as you move away!
You block the wight's attack. The wight attacks as you move away!
The wight barely misses you.
There is a stone staircase leading up here.
The wight hits you with a +0 battleaxe.
* * * LOW HITPOINT WARNING * * *
You climb upwards.
There is a stone staircase leading down here.
You hit the wight but do no damage.
The wight is lightly damaged.
You block the wight's attack.
You closely miss the wight.
The wight is lightly damaged.
You block the wight's attack.
You hit the wight.
The wight is moderately damaged.
The wight closely misses you.
You barely miss the wight.
The wight is moderately damaged.
The wight hits you with a +0 battleaxe.
* * * LOW HITPOINT WARNING * * *
The wight hits you but does no damage.
Okay, then.
You puncture the wight!
The wight is severely damaged.
You block the wight's attack.
You closely miss the wight.
The wight is severely damaged.
The wight hits you with a +0 battleaxe!
* * * LOW HITPOINT WARNING * * *
You barely miss the wight.
The wight is severely damaged.
The wight hits you with a +0 battleaxe.
You die...

#..####.......##.......#...
#....##................#...
#..<.....[............##...
#....##.....######.........
###...#####..#####.........
##.......................
#............###(.......
##......z....##..#.##...
###...@................
#...........####.....
#............###.###.
#.................###
#.........###..#....#
#.........####.#....#
#####..#.............
####.#............#
#....#......##)..##


You could see a wight.

Vanquished Creatures
  A centaur (D:5)
  2 scorpions
  A bullfrog (D:3)
  A necrophage (D:5)
  A wight (D:6)
  A hound (D:5)
  A jelly (D:4)
  An iguana (D:5)
  Ijyb (D:5)
  An orc wizard (D:5)
  3 gnolls (D:5)
  6 adders
  A worm (D:2)
  A dart slug (D:1)
  9 orcs
  13 endoplasms
  4 giant cockroaches
  5 goblins
  8 hobgoblins
  8 jackals
  7 quokkas
  12 ball pythons
  8 bats
  3 frilled lizards
  6 kobolds
  2 rats (D:1)
107 creatures vanquished.

Notes
Turn   | Place    | Note
-------+----------+-------------------------------------------
     0 | D:1      | nobbins the Gargoyle Fighter began the quest for the Orb.
     0 | D:1      | Reached XP level 1. HP: 14/14 MP: 1/1
   155 | D:1      | Reached XP level 2. HP: 18/19 MP: 2/2
   552 | D:1      | Reached XP level 3. HP: 20/24 MP: 3/3
   944 | D:1      | Found a faded altar of an unknown god.
   963 | D:1      | Prayed at the altar of an unknown god.
   963 | D:1      | Became a worshipper of the Wu Jian Council
   963 | D:1      | Reached * piety under Wu Jian
  1188 | D:2      | You fall into a shaft and drop 2 floors!
  1555 | D:3      | Found a bloodstained altar of Trog.
  1560 | D:3      | Noticed a bullfrog
  1577 | D:3      | Killed a bullfrog
  1578 | D:3      | Reached XP level 4. HP: 11/29 MP: 4/4
  1582 | D:3      | Reached XP level 5. HP: 13/33 MP: 5/5
  2677 | D:2      | Reached skill level 1 in Dodging
  2694 | D:2      | Reached ** piety under Wu Jian
  3492 | D:4      | Identified the +2 robe of the Arcadian God {rPois}
  3807 | D:4      | Learned a level 1 spell: Necrotize
  3963 | D:4      | Reached XP level 6. HP: 31/38 MP: 6/6
  4240 | D:5      | Entered Level 5 of the Dungeon
  4247 | D:5      | Reached skill level 5 in Armour
  4306 | D:5      | Got Mappe's Collected Works on Changing and Flight
  4703 | D:5      | Found Acweil's Armour Boutique.
  4808 | D:5      | Reached skill level 5 in Maces & Flails
  4808 | D:5      | Reached XP level 7. HP: 38/43 MP: 7/7
  4816 | D:5      | Noticed Ijyb
  4825 | D:5      | Killed Ijyb
  5195 | D:5      | HP: 2/44 [wight/+0 battleaxe (9)]
  5196 | D:5      | Slain by a wight

Illustrated notes

Levels and vault maps discovered:
D:1:      minmay_arrival_loop, layout_loops_ring,
          nicolae_ecumenical_snake_handling
D:2:      cheibrodos_helix_gallery, layout_loops_ring, minmay_cut_off
D:3:      minmay_general_purpose_star, layout_loops_corners, bloody_trog,
          st_stairs_4
D:4:      layout_loops_corners, chequers_serial_rivers_small_3
D:5:      layout_rooms, serial_shops, shop, uniq_ijyb
D:6:      layout_rooms, ebering_ghost_inner_flame,
          nicolae_ossuary_entry_catacombs, uniq_blork_the_orc

Skill      XL: |  1  2  3  4  5  6 |
---------------+-------------------+-----
Maces & Flails | 3 5 |  5.5
Armour         | 4 5 |  5.8
Dodging        | 1 |  1.5
Fighting       | 4 |  4.4
Shields        | 4 |  4.3
Stealth        | |  0.2

Action                   |  1- 3 |  4- 6 |  7- 9 || total
-------------------------+-------+-------+-------++-------
Melee: Flail             |   144 |     4 |       ||   148
       Morningstar       |       |   214 |    45 ||   259
Invok: Lunge             |     3 |    10 |       ||    13
       Whirlwind         |       |     2 |     1 ||     3
  Use: Scroll            |     4 |     6 |       ||    10
       Potion            |     1 |       |       ||     1
Armor: Scale mail        |   102 |     2 |       ||   104
       Chain mail        |       |   138 |    26 ||   164
Dodge: Dodged            |    83 |    88 |    20 ||   191
Block: Buckler           |    53 |    57 |    15 ||   125

Table legend: (Time is in decaauts)
 A = Elapsed time spent in this place.
 B = Non-inter-level travel time spent in this place.
 C = Inter-level travel time spent in this place.
 D = Time resting spent in this place.
 E = Time spent auto-exploring this place.
 F = Levels seen in this place.
 G = Mean time per level.
                   A        B        C        D        E       F      G
               +--------+--------+--------+--------+--------+-----+--------+
         Total |   5329 |   5162 |    167 |    199 |   3657 |   6 |  888.2 |
       Dungeon |   5329 |   5162 |    167 |    199 |   3657 |   6 |  888.2 |
               +--------+--------+--------+--------+--------+-----+--------+

Top non-repeatable levels by time:
     D:1: 1224 daAuts
     D:3: 1191 daAuts
     D:4: 1128 daAuts
     D:5: 940 daAuts
     D:2: 797 daAuts
     D:6: 47 daAuts
